 Dungeon Crawl Stone Soup version 0.31-a0-716-gc7603755dd (webtiles) character file.

Game seed: 15565012264441940173

212 Descartes the Ducker (level 5, -3/23 HPs)
             Began as a Felid Shapeshifter on Sept 10, 2023.
             Slain by a black bear (5 damage)
             ... on level 4 of the Dungeon.
             The game lasted 00:04:45 (2888 turns).

Descartes the Ducker (Felid Shapeshifter)           Turns: 2888, Time: 00:04:45

Health: -3/23      AC:  1    Str: 12    XL:     5   Next: 58%
Magic:  6/6        EV: 18    Int: 11    God:
Gold:   145        SH:  0    Dex: 16    Spells: 4/4 levels left
                                        Lives:  0   Deaths: 2

rFire   . .          .
                       - Unarmed
rCold   . . .        (shield unavailable)
rNeg    . . .        (body armour unavailable)
rPois   .            (helmet unavailable)
rElec   .            (cloak unavailable)
rCorr   .            (gloves unavailable)
SInv    +            (boots unavailable)
Will    .....        (no amulet)
Stlth   ++           (no ring)
HPRegen 0.23/turn    (no ring)
MPRegen 0.10/turn

%: no passive effects
@: beast-form, quick
A: beast (slay +2), very small, claws 1, fangs 3, see invisible, speed 1, shaggy
fur 1, stealthy paws, no weapons or thrown items, no armour, multi-lived
a: Begin Untransformation


You were on level 4 of the Dungeon.
You were a hulking beast.
You visited 1 branch of the dungeon, and saw 4 of its levels.

You collected 145 gold pieces.

Inventory:

Jewellery
 o - an amulet of faith
 u - a +4 ring of protection
Talismans
 b - a beast talisman (active)
 c - a flux talisman
 i - a beast talisman (active)
Wands
 r - a wand of charming (4)
Scrolls
 f - 2 scrolls of identify {unknown}
 k - a scroll of blinking {unknown}
 m - a scroll of poison {unknown}
 n - a scroll of fog {unknown}
 p - a scroll of immolation {unknown}
 t - a scroll of enchant armour {unknown}
 v - a scroll of fear {unknown}
Potions
 a - a potion of lignification
 d - 2 potions of degeneration {unknown}
 e - a potion of ambrosia {unknown}
 g - a potion of magic {unknown}
 h - 3 potions of curing {unknown}
 j - 2 potions of heal wounds {unknown}
 l - 2 potions of might {unknown}
 q - a potion of attraction {unknown}
 s - 2 potions of haste {unknown}


   Skills:
 + Level 2.6 Fighting
 + Level 4.1 Dodging
 + Level 3.3 Stealth
 + Level 3.9 Unarmed Combat
 + Level 4.0 Shapeshifting


You had 4 spell levels left.
You didn't know any spells.
Your spell library contained the following spells:

 Spells                   Type           Power      Damage    Failure   Level
 Sublimation of Blood     Necr           0%         N/A       47%         2
 Wereblood                Tmut           0%         N/A       47%         2
 Animate Dead             Necr           0%         N/A       98%         4
 Haunt                    Necr/Summ      0%         N/A       100%        7
 Summon Hydra             Summ           0%         N/A       100%        7
 Infestation              Necr           0%         N/A       100%        8


Dungeon Overview and Level Annotations

Branches:
Dungeon (4/15)
 Temple: D:4-7

Altars:
Uskayaw


Innate Abilities, Weirdness & Mutations

You are a hulking beast.
Your limbs bulge with bestial killing power. (Slay +2)
You have sharp claws.
You have razor-sharp teeth.
You have supernaturally acute eyesight. (SInv)
You cover ground quickly. (Speed+)
You are covered in fur. (AC +1)
Your paws help you pounce on unaware monsters.
You are incapable of wielding weapons or throwing items.
You cannot wear armour.
You gain extra lives every three experience levels.


Message History

The sleepcap is heavily damaged.
The sleepcap closely misses you.
You scratch the sleepcap. You bite the sleepcap!
The sleepcap is almost destroyed.
The sleepcap closely misses you.
You claw the sleepcap!
You destroy the sleepcap!
No target in view!
No target in view!
No target in view!
No target in view!
Found a stone staircase leading down.
You now have 145 gold pieces (gained 12).
A black bear comes into view.
Found 2 murky clear potions.
You closely miss the black bear. The black bear closely misses you.
The black bear claws you. The black bear completely misses you.
You scratch the black bear.
The black bear is moderately wounded.
The black bear bites you. The black bear completely misses you.
The black bear claws you.
You see here a +0 trident.
There is an escape hatch in the ceiling here.
You scratch the black bear but do no damage.
The black bear is lightly wounded.
The black bear bites you. The black bear claws you. x2
You completely miss the black bear.
The black bear is lightly wounded.
The black bear misses you. The black bear claws you. x2
You completely miss the black bear.
The black bear is lightly wounded.
The black bear completely misses you. x2; The black bear claws you.
The black bear attacks as it pursues you!
The black bear misses you. The black bear claws you.
* * * LOW HITPOINT WARNING * * *
The black bear claws you.
* * * LOW HITPOINT WARNING * * *
There is an escape hatch in the ceiling here.
The black bear closely misses you. The black bear claws you.
You die...

### ### #.# #.# ################
#.# #.# #..............# #.###.#
#.############.# #.....# #.# #.#
#######.##..######.# ######.#
>................#.#######......#
..####..##..######..............#
........)......hh................
.#####(.##..#.####.#######.......
.# ##.......... ..# ###..... h#
................ ......... .#
#.#..##.........#. ####.##+#
.###.#..###.#....#...# #. #).
........# #.#.####.. ) .. ###
........###...# .# .. ##.####
........... ......


You could see a black bear.

Vanquished Creatures
  A hound (D:4)
  A sleepcap (D:4)
  4 gnolls (D:4)
  5 adders
  2 worms
  A dart slug (D:4)
  An orc (D:3)
  4 bats
  5 giant cockroaches
  3 goblins
  3 hobgoblins
  9 jackals
  3 quokkas
  6 ball pythons
  4 frilled lizards
  8 kobolds
  3 rats
63 creatures vanquished.

Notes
Turn   | Place    | Note
-------+----------+-------------------------------------------
     0 | D:1      | Descartes the Felid Shapeshifter began the quest for the
                  | Orb.
     0 | D:1      | Reached XP level 1. HP: 9/9 MP: 2/2
   213 | D:1      | Reached XP level 2. HP: 12/12 MP: 3/3
   262 | D:1      | Reached skill level 1 in Stealth
   734 | D:1      | Reached XP level 3. HP: 15/15 MP: 4/4
   902 | D:2      | Mangled by a kobold
  1290 | D:2      | Reached XP level 4. HP: 19/19 MP: 5/5
  1453 | D:2      | Identified the +4 short sword of Onapsi {flame, *Noise
                  | Int+5}
  1631 | D:3      | Identified the +0 leather armour "Odghimmy" {rPois rCorr
                  | SInv}
  1723 | D:3      | Found a faded altar of an unknown god.
  1740 | D:3      | Found a faded altar of an unknown god.
  2004 | D:3      | Succumbed to an adder's poison
  2346 | D:4      | Reached XP level 5. HP: 17/22 MP: 6/6
  2573 | D:4      | Noticed a +0 falchion
  2573 | D:4      | Noticed a +0 spear
  2573 | D:4      | Noticed a +0 dagger
  2573 | D:4      | Noticed a +0 spear
  2573 | D:4      | Noticed a +0 dagger
  2575 | D:4      | Noticed a +0 short sword
  2576 | D:4      | Noticed a +0 falchion
  2577 | D:4      | Found a hide-covered altar of Uskayaw.
  2577 | D:4      | Noticed a +0 short sword
  2850 | D:4      | Noticed a black bear
  2887 | D:4      | HP: 1/23 [black bear (4)]
  2888 | D:4      | Slain by a black bear

Illustrated notes

Levels and vault maps discovered:
D:1:      minmay_arrival_shoal_huts, layout_loops_ring
D:2:      layout_loops_ring
D:3:      layout_loops_ring, hellmonk_ecumenical_altar_the_god_not_taken
D:4:      layout_basic, nicolae_uskayaw_en_pointe

Skill      XL: |  1  2  3  4  5 |
---------------+----------------+-----
Dodging        | 3 4 |  4.1
Stealth        | 1 2 3 |  3.3
Fighting       | 2 |  2.6
Shapeshifting  | 4 |  4.0
Unarmed Combat | |  3.9

Action                     |  1- 3 |  4- 6 || total
---------------------------+-------+-------++-------
  Melee: Unarmed           |    97 |    67 ||   164
         Bite              |     7 |     6 ||    13
   Stab: Sleeping          |     1 |    10 ||    11
 Armour: Skin              |    31 |    34 ||    65
  Dodge: Dodged            |    79 |    54 ||   133

Table legend: (Time is in decaauts)
 A = Elapsed time spent in this place.
 B = Non-inter-level travel time spent in this place.
 C = Inter-level travel time spent in this place.
 D = Time resting spent in this place.
 E = Time spent auto-exploring this place.
 F = Levels seen in this place.
 G = Mean time per level.
                   A        B        C        D        E       F      G
               +--------+--------+--------+--------+--------+-----+--------+
         Total |   2416 |   2341 |     75 |      0 |   1881 |   4 |  604.0 |
       Dungeon |   2416 |   2341 |     75 |      0 |   1881 |   4 |  604.0 |
               +--------+--------+--------+--------+--------+-----+--------+

Top non-repeatable levels by time:
     D:3: 642 daAuts
     D:2: 621 daAuts
     D:1: 615 daAuts
     D:4: 536 daAuts
